 Dungeon Crawl Stone Soup version 0.29-a0-284-gf9362112df (webtiles) character file.

Game seed: 16843268196263206613

67 gzilladon the Chopper (level 4, -2/40 HPs)
             Began as a Hill Orc Monk on Mar 31, 2022.
             Slain by a gnoll
             ... wielding a +0 spear
              (3 damage)
             ... on level 2 of the Dungeon.
             The game lasted 00:05:49 (1789 turns).

gzilladon the Chopper (Hill Orc Monk)               Turns: 1789, Time: 00:05:49

Health: -2/40      AC:  9    Str: 15    XL:     4   Next: 16%
Magic:  4/4        EV:  7    Int: 10    God:
Gold:   59         SH:  0    Dex: 13    Spells: 3/3 levels left

rFire   + . .      SeeInvis .   l - +0 war axe
rCold   + . .      Faith    .   (no shield)
rNeg    . . .      Spirit   .   e - +0 chain mail
rPois   +          Reflect  .   (no helmet)
rElec   +          Harm     .   (no cloak)
rCorr   +          Rampage  .   (no gloves)
Will    .....                   m - +0 pair of boots
Stlth   ..........              (no amulet)
HPRegen 0.13/turn               (no ring)
MPRegen 0.09/turn               (no ring)

@: lethally poisoned (-2 -> -17), resistant
A: no striking features
a: no special abilities


You were on level 2 of the Dungeon.
You visited 1 branch of the dungeon, and saw 2 of its levels.

You collected 59 gold pieces.

Inventory:

Hand Weapons
 a - a +0 hand axe
 l - a +0 war axe (weapon)
Missiles
 g - 20 stones (quivered)
Armour
 b - a +0 robe
 e - a +0 chain mail (worn)
 m - a +0 pair of boots (worn)
Magical Staves
 f - a staff of earth
Scrolls
 d - a scroll of noise {unknown}
 j - a scroll of torment {unknown}
 k - a scroll of silence {unknown}
 n - a scroll of identify {unknown}
Potions
 i - a potion of lignification {unknown}
 o - a potion of curing {unknown}


   Skills:
 + Level 3.9 Fighting
 * Level 5.8 Axes
 + Level 1.1 Armour
 + Level 2.6 Dodging
 - Level 1.5 Stealth


You had 3 spell levels left.
You didn't know any spells.
Your spell library was empty.

Dungeon Overview and Level Annotations

Branches:
Dungeon (2/15)

Altars:


Message History

* * * LOW HITPOINT WARNING * * *
A gnoll comes into view. It is wielding a +1 halberd of venom.
The gnoll hits you but does no damage.
Things that are here:
a +0 flail; a gnoll corpse You bump into the rock wall.
The gnoll hits you from afar with a +0 spear!
You bump into the rock wall.
The gnoll hits you from afar with a +0 spear.
You bump into the rock wall.
The gnoll hits you from afar with a +0 spear.
You bump into the rock wall.
The gnoll hits you but does no damage.
You bump into the rock wall.
The gnoll barely misses you.
The gnoll hits you from afar with a +0 spear.
You feel less invigorated.
You feel less confused. The gnoll hits you but does no damage.
The gnoll barely misses you.
The gnoll hits you from afar with a +0 spear.
The gnoll closely misses you.
You hit the gnoll.
The gnoll is heavily wounded.
The gnoll hits you from afar with a +0 spear.
The gnoll hits you but does no damage.
You are poisoned.
The gnoll hits you with a +1 halberd of venom.
You are lethally poisoned!
The gnoll closely misses you.
You slash the gnoll!
You kill the gnoll!
* * * LOW HITPOINT WARNING * * *
You feel extremely sick.
The gnoll hits you from afar with a +0 spear.
* * * LOW HITPOINT WARNING * * *
Your Armour skill increases to level 1!
It was a potion of resistance.
You feel protected.
* * * LOW HITPOINT WARNING * * *
You feel very sick.
The gnoll hits you from afar with a +0 spear.
You die...

.. ...# #...# ## #. #..# #...#
# ... #. #..# #...# ### ....
#. #..# ######...#####≈#
.....#. #..###.............≈≈
.......###..)...............≈.
#..((..g#...............
#.##.##)######...#####.#
#.##.##@# #...# #..
#g...##.######.#.# #.#
#.g###.......#...### #..
...###..####.......# #.≈
#.......####.##.##.###.#
##...................#..
.###...##..#..###..###
##...##.....# .....
#....##.....# .###


You could see a gnoll.

Vanquished Creatures
  2 gnolls (D:2)
  A worm (D:2)
  A dart slug (D:2)
  6 endoplasms (D:1)
  5 giant cockroaches
  4 goblins
  4 hobgoblins
  A jackal (D:2)
  A quokka (D:2)
  3 ball pythons
  3 bats
  A frilled lizard (D:1)
  3 kobolds (D:1)
  5 rats
40 creatures vanquished.

Notes
Turn   | Place    | Note
-------+----------+-------------------------------------------
     0 | D:1      | gzilladon the Hill Orc Monk began the quest for the Orb.
     0 | D:1      | Reached XP level 1. HP: 19/19 MP: 1/1
   438 | D:1      | Reached XP level 2. HP: 18/27 MP: 2/2
  1096 | D:1      | Reached skill level 5 in Axes
  1172 | D:1      | Reached XP level 3. HP: 33/33 MP: 3/3
  1775 | D:2      | Reached XP level 4. HP: 7/40 MP: 4/4
  1789 | D:2      | Reached skill level 1 in Armour
  1789 | D:2      | HP: 1/40 [poisoned by a gnoll]
  1789 | D:2      | Slain by a gnoll

Illustrated notes

Levels and vault maps discovered:
D:1:      heliophobic_arrival_henge, layout_basic, hex_intersection
D:2:      layout_loops_cross, hellmonk_ecumenical_altar_watching_god,
          chequers_serial_rivers_small_b, st_stairs_4, kennysheep_pointless_box

Skill      XL: |  1  2  3  4 |
---------------+-------------+-----
Axes           | 5 |  5.8
Armour         | 1 |  1.1
Fighting       | |  3.9
Dodging        | |  2.6
Stealth        | |  1.5

Action                   |  1- 3 |  4- 6 || total
-------------------------+-------+-------++-------
Melee: Hand axe          |    84 |       ||    84
       War axe           |    37 |     2 ||    39
Throw: Stone             |     2 |       ||     2
  Use: Potion            |       |     2 ||     2
Armor: Robe              |     5 |       ||     5
       Chain mail        |    70 |     4 ||    74
Dodge: Dodged            |    42 |     4 ||    46

Table legend: (Time is in decaauts)
 A = Elapsed time spent in this place.
 B = Non-inter-level travel time spent in this place.
 C = Inter-level travel time spent in this place.
 D = Time resting spent in this place.
 E = Time spent auto-exploring this place.
 F = Levels seen in this place.
 G = Mean time per level.
                   A        B        C        D        E       F      G
               +--------+--------+--------+--------+--------+-----+--------+
         Total |   1803 |   1649 |    154 |    331 |      0 |   2 |  901.5 |
       Dungeon |   1803 |   1649 |    154 |    331 |      0 |   2 |  901.5 |
               +--------+--------+--------+--------+--------+-----+--------+

Top non-repeatable levels by time:
     D:1: 1330 daAuts
     D:2: 473 daAuts
